 Dungeon Crawl Stone Soup version 0.17-a0-2055-gb4e23be (webtiles) character file.

1954 wvc the Slicer (level 8, -3/57 HPs)
             Began as a Vampire Assassin on Oct 11, 2015.
             Was a Believer of Ashenzari.
             Slain by Duvessa
             ... wielding a +4 short sword of venom
              (12 damage)
             ... on level 6 of the Dungeon.
             The game lasted 00:13:30 (6914 turns).

wvc the Slicer (Vampire Assassin)                   Turns: 6914, Time: 00:13:30

Health: -3/57      AC:  8    Str: 10    XL:     8   Next: 99%
Magic:  8/8        EV: 16    Int: 14    God:    Ashenzari [**....]
Gold:   251        SH:  0    Dex: 17    Spells: 0 memorised, 7 levels left

rFire  + . .     SeeInvis +     g - +0 short sword (venom)
rCold  . . .     Clarity  .     c - +0 robe
rNeg   + . .     SustAt   .     (no shield)
rPois  +         Gourm    .     (no helmet)
rElec  .         Spirit   .     d - +1 cloak (curse)
rCorr  .         Warding  .     i - +2 pair of gloves (curse)
rMut   .         Stasis   .     A - +0 pair of boots
MR     .....                    (no amulet)
Stlth  ++++......               (no ring)
                                r - +2 ring of evasion (curse)

@: lethally poisoned (-3 -> -25), hasted, very quick, not resistant to hostile
enchantments, stealthy
A: fangs 3, see invisible, fire resistance 1, poison resistance, wild magic 1,
unbreathing
a: Bat Form, Scrying, Renounce Religion


You were on level 6 of the Dungeon.
You worshipped Ashenzari.
Ashenzari was pleased with you.
You were not thirsty.

You visited 1 branch of the dungeon, and saw 6 of its levels.

You collected 251 gold pieces.

Inventory:

Hand Weapons
 a - a +2 dagger
 b - a +0 blowgun
 g - a +0 short sword of venom (weapon)
 o - a +1 dagger of protection
 w - a +2 long sword of freezing
 D - a +0 rapier
Missiles
 e - 44 poisoned needles
 f - 2 curare-tipped needles
Armour
 c - a +0 robe (worn)
 d - a cursed +1 cloak (worn)
 i - a cursed +2 pair of gloves (worn)
 A - a +0 pair of boots (worn)
Jewellery
 r - a cursed +2 ring of evasion (left hand)
Wands
 l - a wand of lightning (7)
 q - a wand of magic darts (27)
 v - a wand of slowing (31)
 x - a wand of lightning (9)
 y - a wand of flame (19)
Scrolls
 j - 5 scrolls of remove curse
 s - 2 scrolls of amnesia
 B - 3 scrolls of teleportation
 C - a scroll of summoning {unknown}
Potions
 h - 2 potions of haste
 k - a potion of brilliance {unknown}
 m - 2 potions of curing
 n - a potion of agility
 p - a potion of resistance
 u - a potion of might
 z - a potion of ambrosia {unknown}
 E - a potion of magic {unknown}
Books
 t - a book of Unlife

   Spells                             Type                      Level
   a - Recall                         Summoning/Translocation      3
   b - Animate Dead                   Necromancy                   4
   c - Control Undead                 Necromancy                   4
   d - Cigotuvi's Embrace             Necromancy                   5
   e - Death Channel                  Necromancy                   6
   f - Simulacrum                     Ice/Necromancy               6


   Skills:
 + Level 2.6 Fighting
 - Level 12.0 Short Blades
 - Level 1.5 Throwing
 + Level 3.4 Dodging
 - Level 5.8 Stealth


You had 7 spell levels left.
You didn't know any spells.

Dungeon Overview and Level Annotations

Branches:
Dungeon (6/15)             Temple (0/1) D:6

Altars:
Ashenzari
Cheibriados
Elyvilon
Qazlal
Ru
Xom

Shops:
D:5 [

Annotations:
D:6 Duvessa; asdu's ghost, amateur HOBe


Innate Abilities, Weirdness & Mutations

You have razor-sharp teeth.
You have supernaturally acute eyesight.
You can survive without breathing.
Your flesh is heat resistant.
Your system is resistant to poisons.
Your spells are a little harder to cast, but a little more powerful.


Message History

Duvessa misses you. Duvessa closely misses you.
Duvessa rages.
Duvessa hits you with a short sword of venom!
Duvessa hits you with a short sword of venom!
You are poisoned.
You feel sick.
You feel sick.
Duvessa hits you with a short sword of venom!
* * * LOW HITPOINT WARNING * * *
You are lethally poisoned!
* * * LOW HITPOINT WARNING * * *
You feel sick.
Drink which item? (? for menu, Esc to quit)
You feel yourself speed up.
* * * LOW HITPOINT WARNING * * *
You feel sick. Duvessa hits you but does no damage.
You are more poisoned.
Duvessa hits you with a short sword of venom!
You die...

#.##.##.# #.# #.
#.##.##.# #.# #.
###..#.##.## #.# #.
#.....#....# #.# #
#.##.#.##..# #.# ####
#.##.#.##..###.#### #...
#.##..............###.##
#.####.......÷.........
#.# #.e@......†.........
#Y# #.#########....##.##
#W# #.# #....#....# #.#
#.# #.#....##.#
#.###.#######.#)#.## #
#.))).............# *
#.##.########.#.### *,
#######.##.# ####.#.#
#.......##.# #....#.# *


You could see Duvessa (berserk).

Vanquished Creatures
  Prince Ribbit (D:5)
  Sigmund (D:2)
  2 ice beasts
  An ogre (D:4)
  2 phantoms
  A sky beast (D:6)
  A black bear (D:6)
  A centaur (D:6)
  Dowan (D:6)
  2 scorpions
  3 hounds
  A crimson imp (D:6)
  5 orc priests
  Ijyb (D:2)
  4 worker ants
  3 orc wizards
  Natasha (twice) (D:2)
  2 hound skeletons (D:5)
  3 worker ant zombies
  2 adders
  4 oozes
  An adder skeleton (D:4)
  4 worms
  4 giant geckos
  15 orcs
  3 giant cockroaches
  10 goblins
  13 hobgoblins
  20 jackals
  7 kobolds
  3 quokkas
  A ball python (D:2)
  A ball python skeleton (D:6)
  7 bats
  7 giant newts
  A quokka zombie (D:3)
  5 rats
145 creatures vanquished.

Notes
Turn   | Place    | Note
--------------------------------------------------------------
     0 | D:1      | wvc the Vampire Assassin began the quest for the Orb.
     0 | D:1      | Reached XP level 1. HP: 16/16 MP: 1/1
     3 | D:1      | Noticed an electric eel
     5 | D:1      | Noticed an electric eel
   230 | D:1      | Reached XP level 2. HP: 22/22 MP: 2/2
   871 | D:2      | Reached XP level 3. HP: 27/27 MP: 3/3
  1028 | D:2      | Found a sacrificial altar of Ru.
  1028 | D:2      | Noticed Sigmund
  1037 | D:2      | Killed Sigmund
  1037 | D:2      | Reached skill level 6 in Short Blades
  1037 | D:2      | Reached XP level 4. HP: 33/33 MP: 4/4
  1037 | D:2      | Reached XP level 5. HP: 38/38 MP: 5/5
  1051 | D:2      | Found a shimmering altar of Xom.
  1069 | D:2      | Found a white marble altar of Elyvilon.
  1078 | D:2      | Found a shattered altar of Ashenzari.
  1085 | D:2      | Became a worshipper of Ashenzari the Shackled
  1147 | D:2      | You fall through a shaft!
  1913 | D:3      | Reached skill level 7 in Short Blades
  1913 | D:3      | Reached XP level 6. HP: 44/44 MP: 6/6
  2409 | D:2      | Noticed Ijyb
  2449 | D:2      | Killed Ijyb
  2494 | D:2      | Noticed Natasha
  2501 | D:2      | Killed Natasha
  2532 | D:2      | Gained mutation: Your flesh is heat resistant. [potion of mutation]
  2532 | D:2      | Gained mutation: Your system is resistant to poisons. [potion of mutation]
  2532 | D:2      | Gained mutation: Your spells are a little harder to cast, but a little more powerful. [potion of mutation]
  2593 | D:2      | Noticed Natasha
  2616 | D:2      | Killed Natasha
  3313 | D:3      | Reached skill level 8 in Short Blades
  3768 | D:4      | Reached XP level 7. HP: 49/49 MP: 7/7
  3847 | D:4      | Acquired Ashenzari's first power
  4209 | D:4      | Reached skill level 9 in Short Blades
  4241 | D:4      | Found a snail-covered altar of Cheibriados.
  4468 | D:5      | Entered Level 5 of the Dungeon
  4506 | D:5      | Found Zarrenekub's Antique Armour Emporium.
  4981 | D:5      | Found a stormy altar of Qazlal.
  5224 | D:5      | Noticed Prince Ribbit
  5231 | D:5      | Killed Prince Ribbit
  5231 | D:5      | Reached skill level 10 in Short Blades
  5231 | D:5      | Reached XP level 8. HP: 55/55 MP: 8/8
  5832 | D:6      | Reached skill level 11 in Short Blades
  6034 | D:6      | Noticed asdu's ghost (amateur HOBe)
  6610 | D:6      | Found a staircase to the Ecumenical Temple.
  6721 | D:6      | Reached skill level 12 in Short Blades
  6725 | D:6      | Acquired Ashenzari's second power
  6873 | D:6      | Noticed Duvessa
  6873 | D:6      | Noticed Dowan
  6895 | D:6      | Killed Dowan
  6914 | D:6      | Slain by Duvessa

Vault maps used:
D:1:      arrival_aquarium_b
D:2:      grunt_temple_overflow_cloverleaf, serial_bayou, serial_bayou_pond_d,
          serial_bayou_shore_b, serial_bayou_pond_d, serial_bayou_shore_a,
          first_bread, uniq_sigmund, uniq_iyjb, uniq_natasha
D:4:      cheibriados_altar_1
D:5:      overflow_temple_1_default, serial_shops,
          nicolae_shop_temple_entry_statues_fountains, uniq_prince_ribbit1
D:6:      minmay_temple_entry_junction, uniq_duvessa

Action                   |  1- 3 |  4- 6 |  7- 9 || total
-------------------------+-------+-------+-------++-------
Melee: Dagger            |    64 |   216 |       ||   280
       Short sword       |       |    48 |   251 ||   299
 Fire: Blowgun           |       |    16 |       ||    16
  Use: Scroll            |       |    14 |     6 ||    20
       Potion            |       |     1 |     1 ||     2
 Stab: Sleeping          |    11 |    24 |     9 ||    44
       Distracted        |       |     2 |     3 ||     5
  Eat: Corpse            |       |     6 |     6 ||    12
